Cogmind - Beta 16 @@@ ROGUE MODE // 2025.11.04 @ 00:21:26 Player: chebyrekser Result: Destroyed by Y-72 Warden with Railgun Performance ------------- Evolutions (6) 3000 Regions Visited (10) 2000 Robots Destroyed (136) 680 Value Destroyed (4248) 4248 Prototype IDs (40) 800 Alien Tech Used (0) 0 Bonus (3888) 3888 TOTAL SCORE: 14616 Bonus ------- High Alert Combat Kills 158 Follower Combat Kills 20 Delivered SUBCON Basin 2000 Registered with UFD 300 Met Optimus in HQ 500 Met Warlord at Base 500 MAIN.C Attacked Warlord 500 Friendly Fire -90 Cogmind --------- Core Integrity 0/1150 Matter 60/300 Energy 99/100 System Corruption 20% Temperature Cool (9) Movement Core (50) Location -4/Factory Parts ------- > --- POWER (2) -------- (None) > --- PROPULSION (7) --- (None) > --- UTILITY (7) ------ A0-MCA's Component Scanner > --- WEAPON (3) ------- (None) > --- INVENTORY (5) ---- Vortex Chain Reactor System Mapper Vortex Rail (40) Peak State ------------ > --- POWER ------------ Reinforced Deuterium Engine Micro Fission Core > --- PROPULSION ------- Improved Titanium Leg Armored Leg Armored Leg Enhanced Biometal Leg Enhanced Biometal Leg Enhanced Biometal Leg Experimental Myomer Leg > --- UTILITY ---------- Huge Storage Unit IFF Parser Advanced Melee Analysis Suite Experimental Core Analyzer Advanced Transmission Jammer Enhanced Scrap Shield > --- WEAPON ----------- Phasing Sabre Phasing Sabre Phasing Sabre > --- INVENTORY -------- Vortex Chain Reactor Deep Structural Scanner Actuator Array Gun Armor Advanced Remote Shield System Mapper A0-MCA's Component Scanner Tech Extrapolator Wardrone Bay Vortex Rail Vortex Rail Advanced Plasma Cannon KE Penetrator Railgun Mini Grenade Launcher Multitool Ripper [Rating: 139] Favorites ----------- Power Ion Engine Engine Ion Engine Power Core Micro Fission Core Reactor Light Antimatter Reactor Propulsion Light Treads Treads Light Treads Leg Armored Leg Wheel Compact Wheel Utility Huge Storage Unit Device IFF Parser Storage Huge Storage Unit Processor Core Analyzer Protection Light Armor Plating Weapon Advanced Plasma Cannon Energy Gun Small Laser Energy Cannon Advanced Plasma Cannon Ballistic Gun KE Penetrator Ballistic Cannon Battle Cannon Launcher Mini Grenade Launcher Special Weapon Mining Laser Slashing Weapon Katana Special Melee Weapon Improved Datajack Build | -11 -10 -10 -7 -7 -5 -5 -5 -5 -4 -4 ------- Run | Yrd Mat Sub Rec Scr Fac Upp Upp War Pro Fac Slots Evolved 12 | . . . . . 10 . . . . 2 Power 1 | . . . . . . . . . . 1 Propulsion 5 | . . . . . 4 . . . . 1 Utility 5 | . . . . . 5 . . . . . Weapon 1 | . . . . . 1 . . . . . Parts Attached 119 | 7 10 18 4 14 10 6 . 18 . 32 Power 14 | 1 1 2 . 2 1 . . . . 7 Engine 8 | 1 1 2 . 1 1 . . . . 2 Core 4 | . . . . 1 . . . . . 3 Reactor 2 | . . . . . . . . . . 2 Propulsion 35 | 2 3 5 2 1 2 2 . 5 . 13 Treads 9 | 1 2 2 . . 1 . . . . 3 Leg 14 | . . . . . 1 2 . 5 . 6 Wheel 12 | 1 1 3 2 1 . . . . . 4 Hover . | . . . . . . . . . . . Flight . | . . . . . . . . . . . Utility 38 | 2 4 4 1 5 6 2 . 8 . 6 Device 18 | 1 1 1 1 4 3 . . 3 . 4 Storage 6 | 1 2 . . . 1 . . 1 . 1 Processor 7 | . . . . . 1 1 . 4 . 1 Hackware . | . . . . . . . . . . . Protection 7 | . 1 3 . 1 1 1 . . . . Artifact . | . . . . . . . . . . . Weapon 32 | 2 2 7 1 6 1 2 . 5 . 6 Energy Gun 5 | 1 . 1 . . . . . 3 . . Energy Cannon 2 | . . . . . 1 . . 1 . . Ballistic Gun 13 | 1 1 4 . 2 . 2 . . . 3 Ballistic Cannon 4 | . . 2 . 2 . . . . . . Launcher 1 | . . . . 1 . . . . . . Special Weapon 1 | . 1 . . . . . . . . . Impact Weapon . | . . . . . . . . . . . Slashing Weapon 5 | . . . 1 . . . . 1 . 3 Piercing Weapon . | . . . . . . . . . . . Special Melee Weapon 1 | . . . . 1 . . . . . . Unidentified Prototypes 12 | . . . . . 1 1 . 10 . . Parts Lost 49 | . 1 12 . . . . . . . 36 Power 10 | . . 3 . . . . . . . 7 Propulsion 18 | . . 3 . . . . . . . 15 Utility 12 | . 1 4 . . . . . . . 7 Weapon 9 | . . 2 . . . . . . . 7 Highest Loss Streak 11 | . 1 4 . . . . . . . 11 To Critical Strikes . | . . . . . . . . . . . Average Backups 19 | 4 15 22 12 21 22 23 23 20 17 15 Power 1 | . 1 2 1 . 1 1 1 . 1 1 Propulsion 2 | 2 3 2 1 4 3 1 1 . 1 . Utility 8 | . 3 8 6 10 10 12 12 10 8 6 Weapon 5 | . 6 7 2 4 6 6 7 6 6 5 Tool/Special . | . . . . . . . . . . . Unused Backups 51 | . 3 10 1 20 . 1 2 6 . 8 Power 3 | . . 1 . 1 . . . . . 1 Propulsion 11 | . 2 . 1 7 . . . . . 1 Utility 23 | . . 4 . 9 . 1 1 3 . 5 Weapon 12 | . 1 5 . 3 . . 1 2 . . Tool/Special 2 | . . . . . . . . 1 . 1 Average Slot Usage (%) 90 | . 99 99 93 88 61 87 88 87 94 73 Engine 10 | . 14 14 14 13 5 5 5 5 5 3 Treads 9 | . 16 22 12 . 1 5 5 2 . 1 Leg 6 | . . . . . . 16 17 20 35 22 Wheel 10 | . 11 4 15 21 5 5 5 4 . 1 Device 9 | . 13 8 8 6 15 11 11 10 11 10 Storage 10 | . 14 14 14 13 5 5 5 5 5 4 Processor 3 | . . . . . 4 10 11 11 11 9 Protection 4 | . . 5 5 7 2 5 5 5 5 1 Energy Gun 1 | . 10 . . . . . . . . . Energy Cannon 1 | . . . . . 2 4 4 4 5 1 Ballistic Gun 10 | . 14 19 3 7 11 11 11 8 5 3 Ballistic Cannon 3 | . . 6 7 3 1 . . . . . Slashing Weapon 4 | . . . 10 7 . . . 1 . 7 Special Melee Weapon 1 | . . . . 5 . . . . . . Peak Build Rating 139 | 7 11 29 31 36 73 86 87 120 118 139 Average Rating 42 | 5 8 13 22 24 58 84 86 92 117 102 On Entrance 52 | . 7 9 29 16 36 73 86 86 117 118 Avg Prop Armor Cover (%) 10 | 12 11 11 14 . 4 9 10 10 . 9 Naked Turns 74 | . . . . 74 . . . . . . Heaviest Build 137 | 14 90 95 95 103 136 136 130 137 126 134 Greatest Support 171 | 10 40 40 40 32 28 28 28 137 137 171 Greatest Overweight (x) 26 | 3 8 8 5 26 4 4 4 4 . 11 Average Overweight (x) 2 | . 2 2 3 2 3 4 4 3 . . Largest Inventory Capacity 25 | 8 25 25 25 25 25 25 25 25 25 25 Average Capacity 23 | 7 16 25 25 24 25 25 25 25 25 23 Most Carried 25 | 8 24 25 25 25 25 25 25 25 25 25 Average Carried 22 | 4 15 24 22 23 23 24 24 24 25 23 Final Capacity 25 | 8 25 25 25 25 25 25 25 25 25 5 Final Carried 25 | 8 24 25 25 25 25 25 25 25 25 4 Class Distribution -------------------- 61% | Mutant 14% | Derelict-Gunner 7% | Derelict-Mutant 5% | Scavenger-Gladiator 3% | Derelict-Skirmisher 3% | Scavenger-Skirmisher Dominant Class ---------------- Mutant | -10/Materials Mutant | -10/Subcaves Mutant | -7/Recycling Mutant | -7/Scraptown Derelict-Gunner | -5/Factory Derelict-Gunner | -5/Upper Caves Derelict-Gunner | -5/Upper Caves Derelict-Skirmisher | -5/Warlord Scavenger-Skirmisher | -4/Proximity Caves Scavenger-Gladiator | -4/Factory Resources | -11 -10 -10 -7 -7 -5 -5 -5 -5 -4 -4 ----------- Run | Yrd Mat Sub Rec Scr Fac Upp Upp War Pro Fac Matter Collected 4428 | 306 507 642 799 244 272 310 244 311 . 793 Remotely . | . . . . . . . . . . . Salvage Created 6391 | 139 836 420 716 . 305 286 77 . . 3612 Parts 311 | 13 50 28 27 . 23 9 8 . . 153 Haulers Intercepted 3 | . 2 . . . . . . . . 1 Recyclers Shooed 16 | . 1 . 10 . . . . . . 5 Parts Field Recycled . | . . . . . . . . . . . Retrieved Matter . | . . . . . . . . . . . Parts Self-Destructed 26 | . . 12 . . . 6 8 . . . Prevented . | . . . . . . . . . . . Parts Restored . | . . . . . . . . . . . Kills | -11 -10 -10 -7 -7 -5 -5 -5 -5 -4 -4 ------- Run | Yrd Mat Sub Rec Scr Fac Upp Upp War Pro Fac Combat Hostiles Destroyed 84 | . 16 9 1 . 8 3 5 . . 42 Melee 30 | . . . . . . . . . . 30 Guns 37 | . 16 8 1 . 2 2 1 . . 7 Cannons 4 | . . 1 . . 1 . . . . 2 AOE 13 | . . . . . 5 1 4 . . 3 Classes Destroyed 20 | 2 6 4 1 . 2 2 . . . 3 Worker 11 | . 1 . . . 2 . . . . 8 Builder 9 | . . . 2 . 1 . . . . 6 Tunneler 4 | 2 . . . . . . . . . 2 Hauler 3 | . 2 . . . . . . . . 1 Recycler 19 | 1 2 . 9 . . . . . . 7 Operator 3 | . 3 . . . . . . . . . Turret 2 | . . 2 . . . . . . . . Watcher 1 | . 1 . . . . . . . . . Swarmer 30 | . 6 1 1 . 5 . 5 . . 12 Grunt 24 | . 10 1 . . . 2 . . . 11 Duelist 1 | . . . . . . 1 . . . . Protector 1 | . . . . . . . . . . 1 Sentry 3 | . . 1 . . . . . . . 2 Specialist 1 | . . . . . . . . . . 1 Hunter 4 | . . . . . . . . . . 4 Programmer 13 | . . . . . 2 . . . . 11 Behemoth 1 | . . . . . 1 . . . . . Cobbler 1 | . . 1 . . . . . . . . Subdweller 6 | . . 6 . . . . . . . . Decomposer 2 | . . . . . . 2 . . . . Samaritan 3 | . . . . . . 3 . . . . Best Kill Streak 11 | 2 3 2 3 . 6 3 5 . . 11 Combat Bots Only 8 | . 3 2 1 . 5 3 5 . . 8 Max Kills in Single Turn 4 | 1 1 1 1 . 2 1 4 . . 2 Gunslinging 1 | . . . . . . . . . . 1 Exploded 4 | . . . . . 2 1 4 . . 2 Melee 1 | . . . . . . . . . . 1 Uniques/NPCs Destroyed . | . . . . . . . . . . . Combat | -11 -10 -10 -7 -7 -5 -5 -5 -5 -4 -4 -------- Run | Yrd Mat Sub Rec Scr Fac Upp Upp War Pro Fac Hostile Shots Fired 714 | . 78 94 2 . 50 4 11 . . 475 Missed 230 | . 25 33 . . 17 2 2 . . 151 Hits 484 | . 53 61 2 . 33 2 9 . . 324 Projectile 484 | . 53 61 2 . 33 2 9 . . 324 AOE 3 | . . . . . . . . . . 3 Critical Strikes 23 | . 2 . . . 1 . . . . 20 Part Disruptions 1 | . . . . . . . . . . 1 Damage Taken 8954 | . 644 1036 31 . 943 36 141 7 . 6116 Core 1517 | . 93 127 13 . 128 . . . . 1156 Absorbed by Shields 2 | . . . . . . . . 2 . . Regen/Repaired (Parts) 169 | . 117 . . . . . . 52 . . Core Remaining (%) 64 | 100 . . . 6 . . . . 87 . Volleys Fired 473 | 13 110 87 114 . 26 36 12 9 4 62 Largest 3 | 2 2 2 1 . 3 3 2 1 1 3 Hottest 166 | 60 100 100 33 . 154 164 98 98 98 166 Shots Fired 732 | 26 203 138 112 . 58 43 15 9 4 124 Gun 453 | 26 192 94 6 . 33 8 5 5 . 84 Cannon 251 | . . 40 106 . 22 33 9 1 4 36 Launcher 13 | . . . . . 3 2 1 3 . 4 Special 15 | . 11 4 . . . . . . . . Kinetic 520 | 13 125 126 112 . 43 8 5 4 . 84 Thermal 198 | 13 78 12 . . 12 33 9 1 4 36 Explosive 13 | . . . . . 3 2 1 3 . 4 Electromagnetic . | . . . . . . . . . . . Entropic 1 | . . . . . . . . 1 . . Robot Hit Streak 14 | 5 13 14 10 . 5 11 2 6 . 10 Robot Miss Streak 10 | 3 4 2 3 . 10 4 2 1 . 5 Penetration Max 1 | . . . . . 1 . . . . 1 Secondary Targets 3 | . 1 1 . . . . . . . 1 Max Gunslinging Chain 1 | . 1 1 . . . . . . . 1 Shots Hit Robots 460 | 15 114 72 30 2 25 21 2 4 . 175 Core Hits 237 | 4 42 27 11 . 20 16 7 10 . 100 Critical Kills 2 | . 1 . . . 1 . . . . . Critical Parts Destroyed 10 | . . 1 . . 1 . . . . 8 Critical Strikes 31 | . 1 1 2 . 2 . . . . 25 Destroy 12 | . 1 1 . . 2 . . . . 8 Blast 2 | . . . 2 . . . . . . . Sever 17 | . . . . . . . . . . 17 Melee Attacks 173 | . . . 17 2 . . . . . 154 Impact . | . . . . . . . . . . . Slashing 171 | . . . 17 . . . . . . 154 Piercing . | . . . . . . . . . . . Sneak Attacks 21 | . . . 5 2 . . . . . 14 Combat Hostiles . | . . . . . . . . . . . Follow-up Attacks 34 | . . . . . . . . . . 34 Damage Inflicted 14188 | 234 1375 1160 945 . 1031 879 285 354 . 7925 Guns 4904 | 234 1375 916 105 . 439 84 42 98 . 1611 Cannons 1851 | . . 244 430 . 271 550 . . . 356 Explosions 1547 | . . . . . 321 245 243 256 . 482 Melee 5886 | . . . 410 . . . . . . 5476 Ramming . | . . . . . . . . . . . Kinetic 5107 | 147 824 1160 535 . 606 84 42 98 . 1611 Thermal 1671 | 87 551 . . . 104 550 . . . 379 Explosive 1524 | . . . . . 321 245 243 256 . 459 Electromagnetic . | . . . . . . . . . . . Impact . | . . . . . . . . . . . Slashing 5886 | . . . 410 . . . . . . 5476 Piercing . | . . . . . . . . . . . Highest Corruption 20 | . 1 1 2 . 3 3 3 3 . 20 Average Corruption 3 | . 1 1 1 . 2 3 3 3 . 13 Corruption Purged . | . . . . . . . . . . . Corruption Blocked . | . . . . . . . . . . . Effects 150 | . 1 29 26 . 5 14 15 1 . 59 Message Errors 37 | . . 8 6 . 2 5 3 . . 13 Matter Fused 36 | . 1 8 7 . . 1 4 1 . 14 Heat Flow Errors 12 | . . 2 5 . 1 . 1 . . 3 Energy Discharges 19 | . . 2 3 . . 5 4 . . 5 Parts Rejected 3 | . . . . . . . . . . 3 Parts Fused 2 | . . 2 . . . . . . . . Data Loss (minor) 15 | . . 3 4 . 1 1 1 . . 5 Data Loss (major) 7 | . . 2 . . . . 1 . . 4 Misfires 3 | . . . . . . . 1 . . 2 Alerts 4 | . . 2 . . . 1 . . . 1 Misdirections 3 | . . . . . . . . . . 3 Weapon Failures 9 | . . . 1 . 1 1 . . . 6 Overload Shots . | . . . . . . . . . . . Overflow Damage 633 | . . 1 103 . . 118 7 . . 404 Projectiles 120 | . . 1 1 . . 118 . . . . Explosions 72 | . . . . . . . 7 . . 65 Melee 441 | . . . 102 . . . . . . 339 Knockbacks 8 | . . 2 6 . . . . . . . Impact . | . . . . . . . . . . . Kinetic 8 | . . 2 6 . . . . . . . Secondary . | . . . . . . . . . . . Self-Inflicted Damage 253 | . . . . . 39 . . 11 . 203 Shots 6 | . . . . . 1 . . 1 . 4 Rammed 1 | . . . . . . . . . . 1 Targets Rammed 1 | . . . . . . . . . . 1 Kicked . | . . . . . . . . . . . Crushed . | . . . . . . . . . . . Highest Temperature 305 | 20 127 234 274 . 305 6 81 38 76 244 Average Temperature 62 | 20 44 70 82 . 106 4 52 21 32 54 Received Heat Transfer 1430 | . 306 291 . . 84 18 . . . 731 Effects 1 | . . . 1 . . . . . . . Interference 1 | . . . 1 . . . . . . . Siege Activations . | . . . . . . . . . . . Martial Activations . | . . . . . . . . . . . Shielding Activations . | . . . . . . . . . . . Robots Disrupted . | . . . . . . . . . . . Combat Hostiles . | . . . . . . . . . . . Robots Corrupted . | . . . . . . . . . . . Combat Hostiles . | . . . . . . . . . . . Parts Fried 2 | . . . . . . . . . . 2 Impact Corruptions . | . . . . . . . . . . . Robots Melted 1 | . . . . . . 1 . . . . Combat Hostiles . | . . . . . . . . . . . Parts Melted 4 | . 1 . . . . 3 . . . . Heat Transferred 3050 | 200 1250 . . . 150 850 . . . 600 Parts Sabotaged . | . . . . . . . . . . . Parts Stolen . | . . . . . . . . . . . Parts Stripped . | . . . . . . . . . . . Power Chain Reactions . | . . . . . . . . . . . Alert | -11 -10 -10 -7 -7 -5 -5 -5 -5 -4 -4 ------- Run | Yrd Mat Sub Rec Scr Fac Upp Upp War Pro Fac Maximum Alert Level 3 | . . . . . . . . . . 3 Low Security (%) 86 | 100 100 . 100 . 100 . . . . 46 Level 1 4 | . . . . . . . . . . 17 Level 2 8 | . . . . . . . . . . 35 Level 3 . | . . . . . . . . . . . Level 4 . | . . . . . . . . . . . Level 5 . | . . . . . . . . . . . High Security . | . . . . . . . . . . . Max Security . | . . . . . . . . . . . Peak Influence 707 | 5 115 . 78 . 175 . . . . 707 Initial 14 | . . . 14 . . . . . . . Average 82 | 1 42 . 6 . 79 . . . . 254 Influence Increases 2969 | 15 516 145 251 . 237 70 110 127 . 1498 Destroy 0b10 Robot/C 1700 | . 320 100 20 . 160 60 100 120 . 820 Destroy 0b10 Robot/NC 265 | 15 45 . 60 . 15 . . 5 . 125 Destroy Leader 288 | . 86 . . . 30 10 10 . . 152 Allied During Kill 2 | . . . . . . . . 2 . . Successful Hack 18 | . 12 . 6 . . . . . . . Select Force Hacks 150 | . 30 . 120 . . . . . . . Disable Machine 90 | . . . 15 . . . . . . 75 Destroy Structure 246 | . 8 . 30 . 32 . . . . 176 Partial Spotted 15 | . . . . . . . . . . 15 Lose Combat Pursuer 195 | . 15 45 . . . . . . . 135 Influence Decreases 2276 | 15 496 135 281 . 110 151 58 223 2 805 Entered New Map 184 | . . 10 16 . . 48 10 98 2 . Time Decay 1606 | 15 464 85 265 . 110 103 48 71 . 445 Lost Part 410 | . 10 40 . . . . . . . 360 Lost Ally 54 | . . . . . . . . 54 . . Purge Threat 22 | . 22 . . . . . . . . . Squads Dispatched 13 | . 4 . . . 1 . . . . 8 Investigation 1 | . 1 . . . . . . . . . Extermination 5 | . . . . . 1 . . . . 4 Reinforcement 7 | . 3 . . . . . . . . 4 Assault . | . . . . . . . . . . . Garrison . | . . . . . . . . . . . Intercept . | . . . . . . . . . . . Searches Triggered . | . . . . . . . . . . . Construction Impeded 2 | . . . . . . . . . . 2 Haulers Reinforced 1 | . . . . . . . . . . 1 Active Scanning Responses . | . . . . . . . . . . . Cargo Convoy Interrupts . | . . . . . . . . . . . Stealth | -11 -10 -10 -7 -7 -5 -5 -5 -5 -4 -4 --------- Run | Yrd Mat Sub Rec Scr Fac Upp Upp War Pro Fac Distress Signals 8 | . 2 . 1 . . . . . . 5 Communications Jammed 10 | . . . . . 8 . . . . 2 Distress Signals 10 | . . . . . 8 . . . . 2 Times Spotted 160 | . 35 12 1 . 12 3 5 17 . 75 Peak Tracking Total 12 | . 4 2 1 . 5 3 5 7 . 12 Tactical Retreats 8 | . 1 2 . . . . . . . 5 Traps | -11 -10 -10 -7 -7 -5 -5 -5 -5 -4 -4 ------- Run | Yrd Mat Sub Rec Scr Fac Upp Upp War Pro Fac Traps Triggered 8 | . 1 3 . . 3 . . . . 1 Indirectly . | . . . . . . . . . . . Trap Hack Attempts . | . . . . . . . . . . . Triggered . | . . . . . . . . . . . Disarmed . | . . . . . . . . . . . Reprogrammed . | . . . . . . . . . . . Reused . | . . . . . . . . . . . Traps Extracted . | . . . . . . . . . . . Installed . | . . . . . . . . . . . Triggered . | . . . . . . . . . . . Machines | -11 -10 -10 -7 -7 -5 -5 -5 -5 -4 -4 ---------- Run | Yrd Mat Sub Rec Scr Fac Upp Upp War Pro Fac Machines Disabled 9 | . . 2 1 . . . . 1 . 5 Max in Single Turn 3 | . . 1 1 . . . . 1 . 3 Machines Repaired . | . . . . . . . . . . . Machines Dismantled . | . . . . . . . . . . . Machines Sabotaged . | . . . . . . . . . . . Overloaded Fab Kills . | . . . . . . . . . . . Hacking | -11 -10 -10 -7 -7 -5 -5 -5 -5 -4 -4 --------- Run | Yrd Mat Sub Rec Scr Fac Upp Upp War Pro Fac Machines Accessed 30 | . 7 3 9 4 . 1 1 4 . 1 Terminals 9 | . 5 . 4 . . . . . . . Fabricators . | . . . . . . . . . . . Repair Stations 1 | . 1 . . . . . . . . . Recycling Units 6 | . 1 . 4 . . . . . . 1 Scanalyzers . | . . . . . . . . . . . Garrison Access . | . . . . . . . . . . . Total Hacks 77 | . 18 3 22 24 . 1 1 7 . 1 Successful 57 | . 10 3 11 24 . 1 1 7 . . Failed 19 | . 7 . 11 . . . . . . 1 Catastrophic 5 | . . . 4 . . . . . . 1 Database Lockouts 1 | . 1 . . . . . . . . . Manual 19 | . 9 . 10 . . . . . . . Terminals 24 | . 14 . 10 . . . . . . . Fabricators . | . . . . . . . . . . . Repair Stations 2 | . 2 . . . . . . . . . Recycling Units 14 | . 2 . 11 . . . . . . 1 Scanalyzers . | . . . . . . . . . . . Garrison Access . | . . . . . . . . . . . Terminal Hacks 44 | . 5 3 3 24 . 1 1 7 . . Record 27 | . . . 1 24 . . . 2 . . Robot Analysis 2 | . 2 . . . . . . . . . Prototype ID Bank 4 | . . . . . . . . 4 . . Open Door 4 | . . 1 . . . 1 1 1 . . Emergency Access Points 1 | . 1 . . . . . . . . . Terminal Index 1 | . . . 1 . . . . . . . Unreport Threat 1 | . 1 . . . . . . . . . Zone Layout 2 | . 1 . 1 . . . . . . . Proto ID Catalog 1 | . . 1 . . . . . . . . Release Object 1 | . . 1 . . . . . . . . Fabricator Hacks . | . . . . . . . . . . . Repair Station Hacks 2 | . 2 . . . . . . . . . Scan Component 1 | . 1 . . . . . . . . . Repair 1 | . 1 . . . . . . . . . Recycling Unit Hacks 3 | . . . 3 . . . . . . . Retrieve Components 3 | . . . 3 . . . . . . . Scanalyzer . | . . . . . . . . . . . Garrison Access Hacks . | . . . . . . . . . . . Unauthorized Hacks 8 | . 3 . 5 . . . . . . . Terminals 3 | . 2 . 1 . . . . . . . Botnet 3 | . 2 . 1 . . . . . . . Fabricators . | . . . . . . . . . . . Repair Stations . | . . . . . . . . . . . Recycling Units 5 | . 1 . 4 . . . . . . . Tunnel 5 | . 1 . 4 . . . . . . . Scanalyzers . | . . . . . . . . . . . Garrison Access . | . . . . . . . . . . . Data Cores Recovered . | . . . . . . . . . . . Used . | . . . . . . . . . . . Hacking Detections 14 | . 6 . 7 . . . . . . 1 Full Trace Events 1 | . . . 1 . . . . . . . Feedback Events 1 | . . . 1 . . . . . . . Corruption 1 | . . . 1 . . . . . . . Feedback Blocked . | . . . . . . . . . . . Robot Schematics Acquired . | . . . . . . . . . . . Robots Built . | . . . . . . . . . . . Authchips . | . . . . . . . . . . . Time . | . . . . . . . . . . . Total Robot Build Rating . | . . . . . . . . . . . Part Schematics Acquired . | . . . . . . . . . . . Parts Built . | . . . . . . . . . . . Authchips . | . . . . . . . . . . . Time . | . . . . . . . . . . . Total Part Build Rating . | . . . . . . . . . . . Part Studies Acquired . | . . . . . . . . . . . Parts Repaired 1 | . 1 . . . . . . . . . Time 26 | . 26 . . . . . . . . . Parts Recycled . | . . . . . . . . . . . Recycled Matter . | . . . . . . . . . . . Retrieved Matter . | . . . . . . . . . . . Retrieved Components 13 | . . . 13 . . . . . . . Parts Scanalyzed . | . . . . . . . . . . . Part Schematics Acquired . | . . . . . . . . . . . Parts Damaged . | . . . . . . . . . . . Bothacking | -11 -10 -10 -7 -7 -5 -5 -5 -5 -4 -4 ------------ Run | Yrd Mat Sub Rec Scr Fac Upp Upp War Pro Fac Used RIF Installer . | . . . . . . . . . . . Robots Hacked 2 | . . . . 2 . . . . . . Non-combat 1 | . . . . 1 . . . . . . Combat 1 | . . . . 1 . . . . . . Robot Hacks Applied 2 | . . . . 2 . . . . . . parse_system 2 | . . . . 2 . . . . . . Relay Couplers Released 4 | . . . . . . . . . . 4 Programmers 4 | . . . . . . . . . . 4 Fabnet Peak Effective % . | . . . . . . . . . . . Robots Rewired 5 | . . . . . . . . 5 . . Allies Hacked . | . . . . . . . . . . . Hacks Repelled . | . . . . . . . . . . . Allies | -11 -10 -10 -7 -7 -5 -5 -5 -5 -4 -4 -------- Run | Yrd Mat Sub Rec Scr Fac Upp Upp War Pro Fac Total Allies 5 | . . . . . . . . 5 . . Largest Group 5 | . . . . . . . . 5 1 1 Highest-Rated Group 273 | . . . . . . . . 273 64 64 Highest-Rated Ally 68 | . . . . . . . . 68 64 64 Total Orders 4 | . . . . . . . . 4 . . STAY 2 | . . . . . . . . 2 . . FOLLOW 2 | . . . . . . . . 2 . . Ally Attacks 24 | . . . . . . . . 24 . . Total Damage 743 | . . . . . . . . 743 . . Kills 7 | . . . . . . . . 7 . . Allies Corrupted . | . . . . . . . . . . . Allies Melted . | . . . . . . . . . . . Intel | -11 -10 -10 -7 -7 -5 -5 -5 -5 -4 -4 ------- Run | Yrd Mat Sub Rec Scr Fac Upp Upp War Pro Fac Active Infowar (turns) 8891 | 24 979 1837 510 1208 379 669 1032 1309 290 654 Optics 510 | . . . 510 . . . . . . . IFF 3899 | . . . . 426 379 667 892 608 288 639 Structural 2356 | . . . . 782 199 . 90 967 48 270 Seismic 2840 | 24 979 1837 . . . . . . . . Jamming 751 | . . . . . 347 9 50 340 2 3 Robot Analysis Total 2 | . 2 . . . . . . . . . Derelict Logs Recovered 8 | . . 1 . 3 . . 2 . 2 . Drone Launches . | . . . . . . . . . . . Drone Recoveries . | . . . . . . . . . . . Exploration | -11 -10 -10 -7 -7 -5 -5 -5 -5 -4 -4 ------------- Run | Yrd Mat Sub Rec Scr Fac Upp Upp War Pro Fac Turns Passed 15972 | 112 1637 3208 2433 3387 379 669 1032 1321 290 1504 Spaces Moved 7973 | 54 822 1189 811 2449 176 297 582 733 209 651 Core 257 | 8 . . . 171 . . . . . 78 Treads 880 | . 77 669 108 . . . . . . 26 Legs 740 | . . . . . . . . 40 209 491 Wheels 6096 | 46 745 520 703 2278 176 297 582 693 . 56 Hover . | . . . . . . . . . . . Flight . | . . . . . . . . . . . Fastest Speed 50 | 50 95 119 130 50 145 160 160 110 110 50 Average Speed 157 | 94 125 243 179 130 151 160 160 158 110 130 Slowest Speed 1350 | 200 200 320 320 1350 160 160 160 190 110 480 Overloaded Moves . | . . . . . . . . . . . Propulsion Burnouts . | . . . . . . . . . . . Robots Hopped . | . . . . . . . . . . . Potential Cave-ins 5 | . . . 5 . . . . . . . Cave-ins Triggered . | . . . . . . . . . . . Exploration Rate (%) 52 | 5 97 50 65 87 9 48 64 82 50 20 Regions Visited 10 Branch Regions 7 Pre-discovered Areas 12 | . 1 1 4 5 . . . . 1 . Known Exits Taken 4 | . . . . . 1 1 . 1 1 . Unknown Exits Taken 6 | 1 1 1 1 1 . . 1 . . . Scrap Searched 12 | . . 4 . 5 . 1 2 . . . Spaces Dug 95 | . 9 4 25 . 5 8 6 . 4 34 Terrain Destroyed 246 | . 11 8 51 . 18 31 19 15 4 89 Melee 13 | . . . 8 . . . . . . 5 Projectile 131 | . 11 8 43 . 11 18 10 . 4 26 AOE 102 | . . . . . 7 13 9 15 . 58 Terrain Rammed . | . . . . . . . . . . . Walls Destroyed . | . . . . . . . . . . . Machines Disabled . | . . . . . . . . . . . Actions | -11 -10 -10 -7 -7 -5 -5 -5 -5 -4 -4 --------- Run | Yrd Mat Sub Rec Scr Fac Upp Upp War Pro Fac Total 10483 | 85 1203 1355 1651 2667 241 449 669 884 264 1015 Wait 1318 | 2 216 10 675 74 9 102 53 29 51 97 Move 7963 | 53 821 1188 810 2448 175 296 581 732 208 651 Hop . | . . . . . . . . . . . Pick Up 166 | 9 25 19 21 56 7 2 6 9 . 12 Fast Attach 53 | 7 1 . 1 6 3 2 . 16 . 17 Attach 46 | . . 12 . 5 9 2 . . . 18 Detach 11 | . . . . 2 4 . . . . 5 Swap 115 | . 18 18 3 13 5 5 11 14 1 27 Drop 161 | 1 12 21 10 61 3 4 6 30 . 13 Fire 473 | 13 110 87 114 . 26 36 12 9 4 62 Melee 131 | . . . 17 2 . . . . . 112 Ram 1 | . . . . . . . . . . 1 Kick . | . . . . . . . . . . . Crush . | . . . . . . . . . . . Escape Stasis . | . . . . . . . . . . . Rewire 45 | . . . . . . . . 45 . . Trap . | . . . . . . . . . . . Miscellaneous . | . . . . . . . . . . . Route ------- -11/Scrapyard -10/Materials (discovered 5 exits: [*Mat x3] / [*Min] / *Sub) -10/Subcaves (discovered 4 exits: [*Mat x2] / *Rec / *Scr) -7/Recycling -7/Scraptown (discovered 2 exits: [*Fac x2]) -5/Factory (discovered 4 exits: Fac x2 / *Upp x2) -5/Upper Caves -5/Upper Caves (discovered 2 exits: *Fac / *War) -5/Warlord -4/Proximity Caves -4/Factory (discovered 2 exits: Ext / *Arm) History --------- Turn | Location | Event 22 | -11/Scrapyard | Discovered new exit (range 15) 113 | -11/Scrapyard | Entered Materials 331 | -10/Materials | Build established: Mutant 340 | -10/Materials | Discovered new exit (range 6) 424 | -10/Materials | Discovered new exit (range 7) 561 | -10/Materials | Discovered new exit (range 10) 1131 | -10/Materials | Discovered new exit (range 15) 1219 | -10/Materials | Central database locked down 1280 | -10/Materials | Repaired Lgt. Treads 1736 | -10/Materials | Discovered new exit (range 7) 1750 | -10/Materials | Entered Subcaves 1751 | -10/Subcaves | Approached by a straggling Scientist 1970 | -10/Subcaves | Core integrity fell below 50% 2031 | -10/Subcaves | Lost 4 parts (2p1n1w) 2269 | -10/Subcaves | A swath of the cavern ceiling suddenly collapsed 2455 | -10/Subcaves | Scientist uncovered a shortcut to Scraptown 2508 | -10/Subcaves | Discovered new exit (range 8) 2870 | -10/Subcaves | Learned location of Zion (-6) 2870 | -10/Subcaves | Met a Zionite searching for "candidates" 2890 | -10/Subcaves | Lost 3 parts (2n1w) 3020 | -10/Subcaves | Shifting Twisted Machinery released Flamer 3025 | -10/Subcaves | Learned Materials stockpile data 3027 | -10/Subcaves | Shifting Twisted Machinery released Battle Cannon 3618 | -10/Subcaves | Visited 4L-MR0's lab 3631 | -10/Subcaves | Found Gun Armor 3706 | -10/Subcaves | Discovered new exit (range 8) 3717 | -10/Subcaves | Shifting Twisted Machinery released Shrapnel Trap 3850 | -10/Subcaves | Shifting Twisted Machinery released Sub. Machine Gun 4342 | -10/Subcaves | Discovered new exit (range 11) 4381 | -10/Subcaves | Ambushed by Subdweller buried in earth 4388 | -10/Subcaves | Core integrity fell below 20% 4685 | -10/Subcaves | Found SUBCON Basin 4958 | -10/Subcaves | Entered Recycling 6264 | -7/Recycling | Scanned before Scraplab entrance 6289 | -7/Recycling | Entered Scraplab 6313 | -7/Recycling | Found SUBCON Basin 7388 | -7/Recycling | Discovered new exit (range 2) 7391 | -7/Recycling | Entered Scraptown 7391 | -7/Scraptown | System corruption cleaned by C-Scrubber 7541 | -7/Scraptown | Heard Great Nut preacher, LISTEN AND RECITE! 7572 | -7/Scraptown | Visited Shadow of the Wyrm 7585 | -7/Scraptown | Visited Symbiants 7627 | -7/Scraptown | Scanned Subdweller tech in exchange for log data 7630 | -7/Scraptown | Learned location of 1 exit from Upper Caves 7631 | -7/Scraptown | Learned location of 1 exit from Research 7692 | -7/Scraptown | Discovered new exit (range 13) 8062 | -7/Scraptown | Visited Assassins FH 8100 | -7/Scraptown | Visited Red Mages 8149 | -7/Scraptown | Visited Cyclists 8173 | -7/Scraptown | Visited Cave Peace 8221 | -7/Scraptown | Visited UFD Registry 8221 | -7/Scraptown | Registered with UFD as "Smoothnuts" 8506 | -7/Scraptown | Guru changed UFD alias to "Protonuts" 8602 | -7/Scraptown | Visited The Evicted 8673 | -7/Scraptown | Visited Modified Component R&D 8704 | -7/Scraptown | Visited Junk Repository 8747 | -7/Scraptown | Visited Scrapoid Pod Storage 8759 | -7/Scraptown | Visited Cartography Club 8790 | -7/Scraptown | Visited Scrap Suit Storage 8814 | -7/Scraptown | Visited DA-N13 Charitable Foundation 8819 | -7/Scraptown | Found DCF Scrap (29 items) 8872 | -7/Scraptown | Delivered Scrap Shield to a Scientist 8929 | -7/Scraptown | Visited Scrapoid Research Area 8953 | -7/Scraptown | Visited Junk Repository 8982 | -7/Scraptown | Visited A0-MCA Data Center 9443 | -7/Scraptown | Learned location of Upper Caves (-4) 9443 | -7/Scraptown | Learned location of Proximity Caves (-3) 9443 | -7/Scraptown | Learned 20 Factory zone layouts 9443 | -7/Scraptown | Learned 8 Access zone layouts 9443 | -7/Scraptown | Learned 20 Lower Caves zone layouts 9443 | -7/Scraptown | Learned 20 Upper Caves zone layouts 9443 | -7/Scraptown | Learned 20 Proximity Caves zone layouts 9443 | -7/Scraptown | Learned 4 Hub_04(d) zone layouts 9443 | -7/Scraptown | Learned 4 Armory zone layouts 9443 | -7/Scraptown | Learned Research emergency access door positions 9443 | -7/Scraptown | Learned location of 3 exits from Lower Caves 9443 | -7/Scraptown | Learned location of 1 exit from Proximity Caves 9460 | -7/Scraptown | Found Deep Structural Scanner 9612 | -7/Scraptown | Found Scrapoid Pod 9864 | -7/Scraptown | Build established: Derelict-Mutant 9893 | -7/Scraptown | Given a B rating by A0-MCA 9898 | -7/Scraptown | Found A0-MCA's Component Scanner 10116 | -7/Scraptown | Entered Cyclist Reading Room 10516 | -7/Scraptown | Discovered new exit (range 3) 10551 | -7/Scraptown | Build established: Mutant 10698 | -7/Scraptown | Met Optimus 10698 | -7/Scraptown | Accepted into 0bPrime 10778 | -7/Scraptown | Entered Factory 10778 | -5/Factory | Evolved 10 slots: Propulsion x4, Utility x5, Weapon x1 10779 | -5/Factory | Identified exit to Upper Caves 10779 | -5/Factory | Identified exit to Factory 10947 | -5/Factory | Spotted B-75 Beast 10985 | -5/Factory | Destroyed B-75 Beast 11157 | -5/Factory | Entered Upper Caves 11158 | -5/Upper Caves | Identified exit to Upper Caves 11159 | -5/Upper Caves | UFD Scientist delivered a prototype 11161 | -5/Upper Caves | Found Prototype Protection 11161 | -5/Upper Caves | Identified Enh. Scrap Shield 11246 | -5/Upper Caves | Build established: Derelict-Gunner 11826 | -5/Upper Caves | Entered another Upper Caves area 11968 | -5/Upper Caves | Discovered exit to Factory (range 14) 12583 | -5/Upper Caves | Learned Factory stockpile data 12810 | -5/Upper Caves | Discovered new exit (range 11) 12858 | -5/Upper Caves | Entered Warlord 12859 | -5/Warlord | Identified exit to Proximity Caves 12911 | -5/Warlord | System corruption cleaned by Quarantine Array 13486 | -5/Warlord | Build established: Derelict-Skirmisher 13612 | -5/Warlord | Found Prototype Device 13647 | -5/Warlord | Visited the Vortex Lab 13653 | -5/Warlord | Found Prototype Energy Gun 13654 | -5/Warlord | Identified Vortex Rail 13660 | -5/Warlord | Warlord's base attacked by MAIN.C 13662 | -5/Warlord | Found Prototype Energy Cannon 13663 | -5/Warlord | Identified Vortex Cannon 13667 | -5/Warlord | Found Prototype Energy Gun 13667 | -5/Warlord | Identified Vortex Rifle 13674 | -5/Warlord | Found Vortex Rail 13809 | -5/Warlord | Found Prototype Device 13809 | -5/Warlord | Identified Exp. Phase Shifter 13829 | -5/Warlord | Found Prototype Reactor 13848 | -5/Warlord | Found Prototype Hackware 13853 | -5/Warlord | Found Prototype Processor 13853 | -5/Warlord | Identified Exp. Armor Integrity Analyzer 13924 | -5/Warlord | Rebuked by Warlord 14010 | -5/Warlord | Warlord forces counterattacked 14045 | -5/Warlord | Spotted Executioner 14089 | -5/Warlord | Spotted Executioner 14103 | -5/Warlord | Found Prototype Processor 14103 | -5/Warlord | Identified Exp. Core Analyzer 14132 | -5/Warlord | Lost 12 allies 14179 | -5/Warlord | Entered Proximity Caves 14179 | -4/Proximity Caves | Accompanied by 1 ally 14206 | -4/Proximity Caves | Lost 6 allies 14295 | -4/Proximity Caves | Learned Research stockpile data 14449 | -4/Proximity Caves | Build established: Scavenger-Skirmisher 14469 | -4/Proximity Caves | Entered Factory 14469 | -4/Factory | Accompanied by 1 ally 14469 | -4/Factory | Evolved 2 slots: Power x1, Propulsion x1 14470 | -4/Factory | Identified exit to Extension 14470 | -4/Factory | Identified exit to Armory 14684 | -4/Factory | P-70 Sage assimilated allied Archangel 6a 14986 | -4/Factory | Build established: Scavenger-Gladiator 15147 | -4/Factory | System corruption reached 10% 15224 | -4/Factory | Destroyed 8 combat bots 15225 | -4/Factory | Lost 3 parts (2p1u) 15388 | -4/Factory | Lost 11 parts (1p7n2u1w) 15764 | -4/Factory | Lost 3 parts (1p1n1w) 15801 | -4/Factory | Core integrity fell below 50% 15855 | -4/Factory | Lost 8 parts (1p5n1u1w) 15900 | -4/Factory | Identified System Mapper 15900 | -4/Factory | Identified Vortex Chain Reactor 15927 | -4/Factory | Core integrity fell below 20% 15957 | -4/Factory | Lost 4 parts (2u2w) 15973 | -4/Factory | Destroyed by Y-72 Warden with Railgun Last Messages --------------- 15907_ Acquired 57 matter. 15908_ K-01 Serf destroyed. 15910_ R-10 Processor collects Hvy. Laser. 15914_ R-10 Processor collects Phase Gun. 15918_ System corrupted: Matter fused (-5). 15920_ Slug penetrates Fusion Modulator. 15926_ Fusion Modulator explodes. 15926_ KE Penetrator destroyed. 15926_ Destroyed KE Penetrator. 15926_ Exp. Core Analyzer destroyed. 15926_ Destroyed Exp. Core Analyzer. 15926_ K-01 Serf destroyed. 15957_ System corrupted: Energy discharge (-39). 15961_ Phasing Sabre destroyed. 15964_ K-01 Serf destroyed. 15968_ Component scanned: Quantum Rifle [Y-72 Warden]. 15968_ Slug penetrates Y-72 Warden. 15968_ Slug penetrates Wall. 15973_ Penetrated by Slug. Map ----- +----------------------------------------------------+ | ?????????????????????????# "####### | | ?????????????????????????# #?????? | | ?????????????????????????# !!! #???????## | | ?????????????????????????# !!! #????????? | | ?????????????????????????# !! " #????????? | | ???????????????######+#########"""""""""###??????? | | ???????????????# # ="% ?? | | ???????????????# # #="""" """" ??? | | ???????????????# # # """" """????? | | ???????????????# / + """" """????? | | ???????????????# # # """" ""?????? | | ???????????????# # # """??"??????? | | ???????????????# # # ""??????????? | | ???????????????# # # "???????????? | | ???????????????# # # ???????????? | | ???????????????# # ###???????????? | | ???????????????# # #?????????????? | | ???????????????#############"" #?????????????? | | ???????????????????????????### #?????????????? | | ???????????????????#########?# #?????????????? | | ???????????????????#"""" #?# %! #?????????????? | | ???????????????????# " #?# = #?????????????? | | ???????????????????# #?# #?????????????? | | ???????????????????# #?# #?????????????? | | ???????????????????# """ #?# #?????????????? | | ????????????????# ##"@ #?# #?????????????? | | ????????????????# ??#" #"# ######????????? | | ????????????????# #"Y # ????? | | ????????????????# + ???? | | ????????????????/ > + ????? | | ????????????????# + ????? | | ????????????????# #" # ?????? | | ????????????????# #" ### ######+####?????? | | ????????????????# ##" #?# #???????????????? | | ????????????????#### ?"" #?# #???????????????? | | ???????????????????# #?? #???????????????? | | ???????????????????# ? #?? #???????????????? | | ???????????????????#?? #?? #???????????????? | | ?????????????????????""" #?? #???????????????? | | ??????????????????????#####??? #??????>????????? | | ?????????????????????????????? #???????????????? | | ?????????????????????????????? #???????????????? | | ??????????????????????????????? ?????????????????? | | ?????????????????????????????????????????????????? | | ?????????????????????????????????????????????????? | | ???????????????????????!?????????????????????????? | | ?????????????????????????????????????????????????? | | ?????????????????????????????????????????????????? | | ????????????????????????*????????????????????????? | | ?????????????????????????????????????????????????? | +----------------------------------------------------+ Best States ------------- Heat Dissipation 74 Energy Generation 32 Energy Capacity 890 Matter Stores 300 Matter Capacity 300 Sight Range 21 Terrain Scan Density 10 Jamming Range 12 Armor Coverage 800 Phase Shifting 20 Evasion (%) 55 Melee Accuracy 8 Core Analysis 8 Recoil Reduction 2 Item Schematics ----------------- None Robot Schematics ------------------ None Fabricated ------------ Nothing Repaired ---------- Lgt. Treads | 16% | -10/Materials Studied --------- None Alien Tech Used ----------------- None Achievements -------------- Inventory Pressure Longdome?! Loot Taster Nice Directions, Buddy Challenges ------------ None Game ------ Seed BombardmentScanChainsaw Manual? 0 Play Time 02:18:52 Cumulative 236.2 hours Start 2025.11.03 @ 15:26:44 End 2025.11.04 @ 00:21:26 Sessions 6 Manual Loads 0 Difficulty Rogue Special Mode None Game No. 69 Rogue 63 Adventurer 0 Explorer 6 Win Type - Total 13 Types 6/0/2/1/1/0/1/1/0/1 Lore% 79 Gallery% 73 Achievement% 54 Wizard Run 0 Options --------- Layout 1 ASCII 0 Keyboard 0 Movement Mouse Keybinds 0 Fullscreen 2 Font 24/Smallcaps Map View 50x35 Zoom Use 0% Tactical HUD 1 Map Filters NONE Filters NONE Steam 1 RUN: 21120c83-f222-403a-986c-90fe3c1fab2e